 Dungeon Crawl Stone Soup version 0.29.0-4-gdea44cf6ec (webtiles) character file.

Game seed: 3143471798690838095

32 qw the Sneak (level 3, 0/23 HPs)
             Began as a Gargoyle Delver on Sept 10, 2022.
             Slain by a hound (4 damage)
             ... on level 5 of the Dungeon.
             The game lasted 00:00:03 (232 turns).

qw the Sneak (Gargoyle Delver)                       Turns: 232, Time: 00:00:04

Health: 0/23       AC:  6    Str: 17    XL:     3   Next: 25%
Magic:  3/3        EV: 11    Int: 10    God:
Gold:   0          SH:  0    Dex: 11    Spells: 2/2 levels left

rFire   . . .      SeeInvis .   a - +0 hand axe
rCold   . . .      Faith    .   (no shield)
rNeg    + . .      Spirit   .   b - +0 leather armour
rPois   inf        Reflect  .   (no helmet)
rElec   +          Harm     .   (no cloak)
rCorr   .          Rampage  .   (no gloves)
Will    .....                   (no boots)
Stlth   +++.......              (no amulet)
HPRegen 0.07/turn               (no ring)
MPRegen 0.08/turn               (no ring)

@: no status effects
A: sickness immunity, AC +3, negative energy resistance 1, electricity
resistance, torment resistance 1, petrification resistance
a: no special abilities


You were on level 5 of the Dungeon.
You visited 1 branch of the dungeon, and saw 1 of its levels.


Innate Abilities, Weirdness & Mutations

You are immune to sickness and miasma.
Your stone body is resilient. (AC +3)
You are immune to poison.
You resist negative energy. (rN+)
You are resistant to electric shocks. (rElec)
You are resistant to unholy torment.
You are immune to petrification.


   Skills:
 - Level 3.2 Fighting
 + Level 3.2 Axes
 - Level 1.5 Dodging
 - Level 5.4 Stealth


You had 2 spell levels left.
You didn't know any spells.
Your spell library was empty.

Inventory:

Hand Weapons
 a - a +0 hand axe (weapon)
Armour
 b - a +0 leather armour (worn)
Wands
 g - a wand of digging (3)
Scrolls
 c - a scroll of fog
 d - a scroll of magic mapping
 e - a scroll of fear
Potions
 f - a potion of haste

Dungeon Overview and Level Annotations

Branches:
Dungeon (5/15)
 Temple: D:4-7

Altars:


Message History

The orc misses you.
You hit the orc.
You kill the orc!
You start resting.
An orc comes into view. It is wielding a staff of death.
36 ||| Stepping ~*~*~tactically~*~*~ (stealth).
You start resting.
An orc is nearby!
49 ||| Stepping ~*~*~tactically~*~*~ (stealth).
You start resting.
A necrophage comes into view.
217 ||| Stepping ~*~*~tactically~*~*~ (stealth).
218 ||| Stepping ~*~*~tactically~*~*~ (stealth).
219 ||| Stepping ~*~*~tactically~*~*~ (stealth).
A hound comes into view.
There is an open door here.
You see here a +0 flail of holy wrath.
220 ||| Stepping ~*~*~tactically~*~*~ (stealth).
223 ||| Stepping ~*~*~tactically~*~*~ (stealth).
You hit the hound but do no damage. The hound bites you.
The hound bites you but does no damage.
You hit the hound.
The hound is heavily wounded.
The hound barely misses you. The hound bites you.
You closely miss the hound.
The hound is heavily wounded.
The hound bites you. x2
You closely miss the hound.
The hound is heavily wounded.
The hound closely misses you.
You hit the hound.
The hound is severely wounded.
The hound bites you. x2
You hit the hound but do no damage.
The hound is severely wounded.
The hound closely misses you. The hound bites you but does no damage.
You closely miss the hound.
The hound is severely wounded.
The hound bites you.
You die...

... .. .. ##'##
#...## #...'
########..h#
#.....##..@# ..
#.....##...# ...
#.....####)##....
#o........%....n..
#.....##..........
.##.....##..........#
........#######n....#
........##...##.....#
....................#


You could see a hound.

Vanquished Creatures
  A hound (D:5)
  An orc (D:5)
2 creatures vanquished.

Notes
Turn   | Place    | Note
-------+----------+-------------------------------------------
     0 | D:5      | qw the Gargoyle Delver began the quest for the Orb.
     0 | D:5      | Reached XP level 1. HP: 14/14 MP: 1/1
     0 | D:5      | 0 ||| qw: Version: 0.1-a-116-g5d60599
     0 | D:5      | 0 ||| qw: Game counter: 8413
     0 | D:5      | 0 ||| qw: Always use a shield: true
     0 | D:5      | 0 ||| qw: God list: Okawaru
     0 | D:5      | 0 ||| qw: Allow faded altars: false
     0 | D:5      | 0 ||| qw: Do Orc after D:15 true
     0 | D:5      | 0 ||| qw: Do second Lair branch before Depths: true
     0 | D:5      | 0 ||| qw: Lair rune preference: random
     0 | D:5      | 0 ||| qw: Plans: Normal
     0 | D:5      | 0 ||| PLANNING D:1-11
    21 | D:5      | Noticed a hound
    31 | D:5      | Killed a hound
    31 | D:5      | HP: 2/14 [orc/+0 flail of holy wrath (3)]
    32 | D:5      | Reached skill level 3 in Axes
    32 | D:5      | Reached XP level 2. HP: 3/19 MP: 2/2
    32 | D:5      | Reached XP level 3. HP: 3/23 MP: 3/3
    36 | D:5      | 36 ||| Stepping ~*~*~tactically~*~*~ (stealth).
    49 | D:5      | 49 ||| Stepping ~*~*~tactically~*~*~ (stealth).
   216 | D:5      | Noticed a necrophage
   217 | D:5      | 217 ||| Stepping ~*~*~tactically~*~*~ (stealth).
   218 | D:5      | 218 ||| Stepping ~*~*~tactically~*~*~ (stealth).
   219 | D:5      | 219 ||| Stepping ~*~*~tactically~*~*~ (stealth).
   220 | D:5      | 220 ||| Stepping ~*~*~tactically~*~*~ (stealth).
   223 | D:5      | 223 ||| Stepping ~*~*~tactically~*~*~ (stealth).
   230 | D:5      | HP: 4/23 [hound (2)]
   232 | D:5      | Slain by a hound

Levels and vault maps discovered:
D:5:      layout_gridville, mainiacjoe_overflow_surrounded_room

Skill      XL: |  1 |
---------------+----+-----
Axes           | 3 |  3.2
Fighting       | |  3.2
Dodging        | |  1.5
Stealth        | |  5.4

Action                   || total
-------------------------++-------
Melee: Hand axe          ||    16
Armor: Leather armour    ||     7
Dodge: Dodged            ||    10

Table legend:
 A = Non-vault XP
 B = Vault XP
 C = Vault XP percentage of total XP
 D = Non-vault monster count
 E = Vault monster count
 F = Vault count percentage of total count
                 A         B        C        D         E       F
            +---------+---------+-------+---------+---------+-------
      Total |      46 |       0 |   0.0 |       2 |       0 |   0.0
            +---------+---------+-------+---------+---------+-------
        D:5 |      46 |       0 |   0.0 |       2 |       0 |   0.0
            +---------+---------+-------+---------+---------+-------
